MID
LAKEWOOD BLUECLAWS @ HAGERSTOWN SUNS
08/17/2048
 
TOP OF THE 1ST
Lakewood BlueClaws batting - Pitching for Hagerstown Suns : LHP Johnny Busse
Pitching: LHP Johnny Busse
Batting: LHB Matt Urbanek 0-0: Called Strike
0-1: Swinging Strike
0-2: Foul Ball, location: 2F
0-2: Ball
1-2: Strikes out swinging
Batting: RHB Vaclav Been 0-0: Ball
1-0: Ball
2-0: Foul Ball, location: 2F
2-1: Called Strike
2-2: Ball
3-2: Foul Ball, location: 2F
3-2: Strikes out swinging
Batting: RHB Mike Bell 0-0: Called Strike
0-1: Ball
1-1: Ball
2-1: Foul Ball, location: 2F
2-2: Fly out, F9 (Flyball, 9S, EV 71.9 MPH)
Top of the 1st over - 0 runs, 0 hits, 0 errors, 0 left on base; Lakewood 0 - Hagerstown 0
BOTTOM OF THE 1ST
Hagerstown Suns batting - Pitching for Lakewood BlueClaws : RHP Gregorio Padilla
Pitching: RHP Gregorio Padilla
Batting: RHB Leo Gutierrez 0-0: Called Strike
0-1: Ball
1-1: Ball
2-1: Ground out 5-3 (Groundball, 56S, EV 83.1 MPH)
Batting: LHB Adam Lancaster 0-0: Called Strike
0-1: Ball
1-1: Ball
2-1: Foul Ball, location: 2F
2-2: Strikes out swinging
Batting: RHB Tylor Cyr 0-0: Ball
1-0: Called Strike
1-1: DOUBLE (Line Drive, 7LM, EV 106.9 MPH)
Batting: RHB Bryan Wheeler 0-0: Called Strike
0-1: Ball
1-1: Called Strike
1-2: DOUBLE (Line Drive, 8RXD, EV 101.2 MPH)
Tylor Cyr scores
Batting: RHB Justin Davenport 0-0: Ball
1-0: Called Strike
1-1: Foul Ball, location: 2F
1-2: Ball
2-2: Foul Ball, location: 2F
2-2: Ground out 1-3 (Groundball, 15S, EV 73.8 MPH)
Bottom of the 1st over - 1 run, 2 hits, 0 errors, 1 left on base; Lakewood 0 - Hagerstown 1
TOP OF THE 2ND
Lakewood BlueClaws batting - Pitching for Hagerstown Suns : LHP Johnny Busse
Batting: RHB Victor Arias 0-0: Ball
1-0: Reached on error, E3 (Groundball, 34, EV 83.1 MPH)
Batting: SHB Steve DeRienzo 0-0: Ball
Victor Arias steals 3rd base
1-0: Ball
2-0: Ball
Balk!
Victor Arias scores
3-0: Base on Balls
Batting: RHB Trent Hedrick 0-0: SINGLE (Groundball, 5S, EV 69.4 MPH) (infield hit)
Steve DeRienzo to second
Batting: LHB Eric Farren 0-0: Ball
1-0: Called Strike
1-1: Foul Ball, location: 2F
1-2: Foul Ball, location: 2F
1-2: Strikes out swinging
Batting: RHB Johnny Burroughs 0-0: Called Strike
0-1: Ball
1-1: Called Strike
1-2: Ground out 5-3 (Groundball, 5S, EV 63.1 MPH)
Steve DeRienzo to third
Trent Hedrick to second
Batting: RHB Cory Bonham 0-0: Called Strike
0-1: SINGLE (Groundball, 6S, EV 69.4 MPH) (infield hit)
Steve DeRienzo scores
Trent Hedrick to third
Batting: LHB Matt Urbanek 0-0: Called Strike
0-1: Called Strike
0-2: Ball
1-2: Ground out 4-3 (Groundball, 13, EV 84.4 MPH)
Top of the 2nd over - 2 runs, 2 hits, 1 error, 2 left on base; Lakewood 2 - Hagerstown 1
BOTTOM OF THE 2ND
Hagerstown Suns batting - Pitching for Lakewood BlueClaws : RHP Gregorio Padilla
Batting: RHB John McNeill 0-0: Ball
1-0: Ball
2-0: Fly out, F7 (Line Drive, 7S, EV 93.1 MPH)
Batting: RHB Lamar Thornton 0-0: Foul Ball, location: 2F
0-1: Foul Ball, location: 2F
0-2: Ball
1-2: Strikes out swinging
Batting: LHB Yasuo Igarashi 0-0: Fly out, F8 (Line Drive, 8LD, EV 88.1 MPH)
Bottom of the 2nd over - 0 runs, 0 hits, 0 errors, 0 left on base; Lakewood 2 - Hagerstown 1
TOP OF THE 3RD
Lakewood BlueClaws batting - Pitching for Hagerstown Suns : LHP Johnny Busse
Batting: RHB Vaclav Been 0-0: Ball
1-0: Foul Ball, location: 2F
1-1: Swinging Strike
1-2: Ball
2-2: Foul Ball, location: 2F
2-2: Ball
3-2: Strikes out looking
Batting: RHB Mike Bell 0-0: Ball
1-0: Ball
2-0: Swinging Strike
2-1: Called Strike
2-2: Ball
3-2: Ground out 4-3 (Groundball, 4, EV 88.8 MPH)
Batting: RHB Victor Arias 0-0: Ball
1-0: Fly out, F8 (Flyball, 8LM, EV 85.6 MPH)
Top of the 3rd over - 0 runs, 0 hits, 0 errors, 0 left on base; Lakewood 2 - Hagerstown 1
BOTTOM OF THE 3RD
Hagerstown Suns batting - Pitching for Lakewood BlueClaws : RHP Gregorio Padilla
Batting: RHB Travis Stanley 0-0: Ball
1-0: Ball
2-0: Called Strike
2-1: Ball
3-1: Base on Balls
Batting: RHB Leo Gutierrez 0-0: Ball
1-0: Ball
2-0: Ball
3-0: Called Strike
3-1: Fly out, F8 (Flyball, 8RD, EV 84.4 MPH)
Batting: LHB Adam Lancaster 0-0: Called Strike
0-1: Ball
1-1: Ball
2-1: Ball
3-1: Base on Balls
Travis Stanley to second
Batting: RHB Tylor Cyr 0-0: Ball
1-0: SINGLE (Groundball, 5S, EV 70.6 MPH) (infield hit)
Travis Stanley to third
Adam Lancaster to second
Batting: RHB Bryan Wheeler 0-0: Ball
1-0: Foul Ball, location: 2F
1-1: Called Strike
1-2: GRAND SLAM HOME RUN (Flyball, 7LD, EV 95.0 MPH), Distance : 365 ft
Pitching: RHP Jeff van Schaik
Batting: RHB Justin Davenport 0-0: Ground out 3-1 (Groundball, 34, EV 86.2 MPH)
Batting: RHB John McNeill 0-0: Ball
1-0: Ball
2-0: Called Strike
2-1: Called Strike
2-2: Foul Ball, location: 2F
2-2: Foul Ball, location: 2F
2-2: Ball
3-2: SINGLE (Groundball, 56S, EV 68.8 MPH) (infield hit)
Batting: RHB Lamar Thornton 0-0: Ball
1-0: Ball
John McNeill steals 2nd base
2-0: Ground out 6-3 (Groundball, 6, EV 88.8 MPH)
Bottom of the 3rd over - 4 runs, 3 hits, 0 errors, 1 left on base; Lakewood 2 - Hagerstown 5
TOP OF THE 4TH
Lakewood BlueClaws batting - Pitching for Hagerstown Suns : LHP Johnny Busse
Batting: SHB Steve DeRienzo 0-0: Foul Ball, location: 2F
0-1: Ball
1-1: Ball
2-1: Fly out, F7 (Line Drive, 7S, EV 96.9 MPH)
Batting: RHB Trent Hedrick 0-0: Fly out, F7 (Flyball, 78M, EV 85.6 MPH)
Batting: LHB Eric Farren 0-0: Ball
1-0: Swinging Strike
1-1: Ground out 4-3 (Groundball, 4, EV 85.0 MPH)
Top of the 4th over - 0 runs, 0 hits, 0 errors, 0 left on base; Lakewood 2 - Hagerstown 5
BOTTOM OF THE 4TH
Hagerstown Suns batting - Pitching for Lakewood BlueClaws : RHP Jeff van Schaik
Batting: LHB Yasuo Igarashi 0-0: Ball
1-0: Swinging Strike
1-1: Ball
2-1: SINGLE (Groundball, 4D, EV 93.8 MPH)
Batting: RHB Travis Stanley 0-0: Called Strike
0-1: Called Strike
0-2: Ball
1-2: Strikes out swinging
Batting: RHB Leo Gutierrez 0-0: Called Strike
0-1: Ball
1-1: Fielders Choice at 2nd, 4-6 (Groundball, 13, EV 81.9 MPH)
Batting: LHB Adam Lancaster 0-0: Ball
1-0: Ball
2-0: Called Strike
2-1: Called Strike
Leo Gutierrez steals 2nd base
2-2: SINGLE (Line Drive, 56, EV 103.1 MPH)
Leo Gutierrez to third
Runner from 3rd tries for Home, SAFE, throw by LF to home
Batting: RHB Tylor Cyr 0-0: Foul Ball, location: 2F
0-1: Ball
1-1: Fly out, F7 (Flyball, 7, EV 87.5 MPH)
Bottom of the 4th over - 1 run, 2 hits, 0 errors, 1 left on base; Lakewood 2 - Hagerstown 6
TOP OF THE 5TH
Lakewood BlueClaws batting - Pitching for Hagerstown Suns : LHP Johnny Busse
Batting: RHB Johnny Burroughs 0-0: Called Strike
0-1: Foul Ball, location: 2F
0-2: Ball
1-2: Ball
2-2: Ball
3-2: SOLO HOME RUN (Flyball, 7D, EV 98.1 MPH), Distance : 376 ft
Batting: RHB Cory Bonham 0-0: Called Strike
0-1: Ball
1-1: Foul Ball, location: 2F
1-2: Ball
2-2: Reached on error, E6 (Groundball, 6, EV 81.9 MPH)
Batting: LHB Matt Urbanek 0-0: Called Strike
0-1: Called Strike
0-2: Ball
1-2: Ground out 4-3 (Groundball, 4MS, EV 69.4 MPH)
Cory Bonham to third
Now at 2B: Bobby Bricker
Batting: RHB Vaclav Been 0-0: Ball
1-0: Foul Ball, location: 2F
1-1: Ball
2-1: Fly out, F8 (Flyball, 8LD, EV 103.1 MPH)
Batting: RHB Mike Bell 0-0: Foul Ball, location: 2F
0-1: Ball
1-1: Fly out, F8 (Flyball, 78S, EV 89.4 MPH)
Top of the 5th over - 1 run, 1 hit, 1 error, 1 left on base; Lakewood 3 - Hagerstown 6
BOTTOM OF THE 5TH
Hagerstown Suns batting - Pitching for Lakewood BlueClaws : RHP Jeff van Schaik
Batting: RHB Bryan Wheeler 0-0: Ball
1-0: Ball
2-0: SINGLE (Groundball, 56D, EV 101.9 MPH)
Batting: RHB Justin Davenport 0-0: Ball
1-0: Swinging Strike
1-1: Ball
2-1: Ball
3-1: Base on Balls
Bryan Wheeler to second
Batting: RHB John McNeill 0-0: Ball
Wild Pitch!
Bryan Wheeler to third
Justin Davenport to second
1-0: Called Strike
1-1: Ball
2-1: Ball
3-1: Base on Balls
Batting: RHB Lamar Thornton 0-0: Ball
1-0: Ball
2-0: Called Strike
2-1: Ball
3-1: Base on Balls
Bryan Wheeler scores
Justin Davenport to third
John McNeill to second
Batting: RHB Bobby Bricker 0-0: Swinging Strike
0-1: Ball
1-1: Called Strike
1-2: Strikes out swinging
Batting: RHB Travis Stanley 0-0: Called Strike
0-1: Ball
1-1: Foul Ball, location: 2F
1-2: Ball
2-2: Foul Ball, location: 2F
2-2: Foul Ball, location: 2F
2-2: Ball
3-2: Ground out 6-3 (Groundball, P, EV 92.5 MPH)
Justin Davenport scores
John McNeill to third
Lamar Thornton to second
Pitching: RHP Alec Guglielmo
Batting: RHB Leo Gutierrez 0-0: Called Strike
0-1: Called Strike
0-2: Ball
1-2: SINGLE (Flyball, 34D, EV 93.8 MPH)
John McNeill scores
Lamar Thornton to third
Runner from 3rd tries for Home, throw by RF and OUT! 9-2
Bottom of the 5th over - 3 runs, 2 hits, 0 errors, 1 left on base; Lakewood 3 - Hagerstown 9
TOP OF THE 6TH
Lakewood BlueClaws batting - Pitching for Hagerstown Suns : LHP Johnny Busse
Batting: RHB Victor Arias 0-0: Called Strike
0-1: Ball
1-1: Ground out 4-3 (Groundball, 4S, EV 66.2 MPH)
Batting: SHB Steve DeRienzo 0-0: Ground out U3 (Groundball, 3, EV 88.1 MPH)
Batting: RHB Trent Hedrick 0-0: Foul Ball, location: 2F
0-1: Called Strike
0-2: Ball
1-2: Foul Ball, location: 2F
1-2: Strikes out swinging
Top of the 6th over - 0 runs, 0 hits, 0 errors, 0 left on base; Lakewood 3 - Hagerstown 9
BOTTOM OF THE 6TH
Hagerstown Suns batting - Pitching for Lakewood BlueClaws : RHP Alec Guglielmo
Batting: LHB Adam Lancaster 0-0: Foul Ball, location: 2F
0-1: Called Strike
0-2: Ball
1-2: Ball
2-2: Fly out, F4 (Popup, 4S, EV 83.1 MPH)
Batting: RHB Tylor Cyr 0-0: Called Strike
0-1: Foul Ball, location: 2F
0-2: SINGLE (Line Drive, 8LS, EV 101.2 MPH)
Batting: RHB Bryan Wheeler 0-0: Ball
Tylor Cyr steals 2nd base
1-0: Foul Ball, location: 2F
1-1: Swinging Strike
1-2: Foul Ball, location: 2F
1-2: Ball
2-2: Ground out 5-3 (Groundball, 56S, EV 73.8 MPH)
Tylor Cyr to third
Batting: RHB Justin Davenport 0-0: Foul Ball, location: 2F
0-1: Ball
1-1: Ball
2-1: Ground out U3 (Groundball, 34, EV 106.2 MPH)
Bottom of the 6th over - 0 runs, 1 hit, 0 errors, 1 left on base; Lakewood 3 - Hagerstown 9
TOP OF THE 7TH
Lakewood BlueClaws batting - Pitching for Hagerstown Suns : LHP Johnny Busse
Pitching: RHP Danny Hoekenga
Batting: LHB Eric Farren 0-0: Swinging Strike
0-1: Ball
1-1: Ball
2-1: Ball
3-1: Base on Balls
Batting: RHB Johnny Burroughs 0-0: Called Strike
0-1: Swinging Strike
0-2: Ball
1-2: Grounds into double play, 6-4-3 (Groundball, 6, EV 102.5 MPH)
Batting: RHB Cory Bonham 0-0: Foul Ball, location: 2F
0-1: Ball
1-1: Ball
2-1: Ball
3-1: Foul Ball, location: 2F
3-2: Strikes out swinging
Top of the 7th over - 0 runs, 0 hits, 0 errors, 0 left on base; Lakewood 3 - Hagerstown 9
BOTTOM OF THE 7TH
Hagerstown Suns batting - Pitching for Lakewood BlueClaws : RHP Alec Guglielmo
Batting: RHB John McNeill 0-0: Ground out 5-3 (Groundball, 56, EV 100.6 MPH)
Batting: RHB Lamar Thornton 0-0: Ball
1-0: Ground out 6-3 (Groundball, 6M, EV 89.4 MPH)
Batting: RHB Bobby Bricker 0-0: Foul Ball, location: 2F
0-1: SINGLE (Line Drive, 8LS, EV 111.2 MPH)
Batting: RHB Travis Stanley 0-0: Ground out 4-3 (Groundball, 4, EV 88.1 MPH)
Bottom of the 7th over - 0 runs, 1 hit, 0 errors, 1 left on base; Lakewood 3 - Hagerstown 9
TOP OF THE 8TH
Lakewood BlueClaws batting - Pitching for Hagerstown Suns : RHP Danny Hoekenga
Batting: LHB Matt Urbanek 0-0: Foul Ball, location: 2F
0-1: Swinging Strike
0-2: Ball
1-2: Ball
2-2: Ball
3-2: Strikes out swinging
Batting: RHB Vaclav Been 0-0: Ball
1-0: Ball
2-0: Called Strike
2-1: Called Strike
2-2: Ball
3-2: Base on Balls
Batting: RHB Mike Bell 0-0: Ball
1-0: Ball
2-0: Swinging Strike
2-1: Ball
3-1: Called Strike
3-2: Strikes out swinging
Batting: RHB Victor Arias 0-0: Ball
1-0: Ball
2-0: Ball
3-0: Base on Balls
Vaclav Been to second
Batting: SHB Steve DeRienzo 0-0: Ball
1-0: Foul Ball, location: 2F
1-1: Swinging Strike
1-2: Foul Ball, location: 2F
1-2: Ground out U3 (Groundball, 3, EV 100.6 MPH)
Top of the 8th over - 0 runs, 0 hits, 0 errors, 2 left on base; Lakewood 3 - Hagerstown 9
BOTTOM OF THE 8TH
Hagerstown Suns batting - Pitching for Lakewood BlueClaws : RHP Alec Guglielmo
Batting: RHB Leo Gutierrez 0-0: Called Strike
0-1: Ball
1-1: Swinging Strike
1-2: Strikes out swinging
Batting: LHB Adam Lancaster 0-0: SINGLE (Groundball, 34D, EV 100.6 MPH)
Batting: RHB Tylor Cyr 0-0: Ball
Adam Lancaster is caught stealing 2nd base 2-4
1-0: Foul Ball, location: 2F
1-1: Ball
2-1: Ground out 6-3 (Groundball, 6, EV 85.6 MPH)
Bottom of the 8th over - 0 runs, 1 hit, 0 errors, 0 left on base; Lakewood 3 - Hagerstown 9
TOP OF THE 9TH
Lakewood BlueClaws batting - Pitching for Hagerstown Suns : RHP Danny Hoekenga
Batting: RHB Trent Hedrick 0-0: Ball
1-0: Called Strike
1-1: Ball
2-1: Ground out 6-3 (Groundball, 56, EV 81.2 MPH)
Batting: LHB Eric Farren 0-0: Called Strike
0-1: Ball
1-1: Ball
2-1: Swinging Strike
2-2: Ball
3-2: Base on Balls
Pitching: RHP Gary Simmons
Batting: RHB Johnny Burroughs 0-0: Called Strike
0-1: Swinging Strike
0-2: Strikes out swinging
Batting: RHB Cory Bonham 0-0: Ball
1-0: Called Strike
1-1: Foul Ball, location: 2F
1-2: Strikes out looking
Top of the 9th over - 0 runs, 0 hits, 0 errors, 1 left on base; Lakewood 3 - Hagerstown 9
Tuesday, March 28th , 2023 - OOTP Baseball 23.10 Build 110